AoeStats
← JJCalmon

Black Forest

507370001Analyzed
4v4 RM · 28d ago on Sep 17, 2026· 51m 57s· 8 players
Game mode
Random Map
Map size
Large (8 player)
Population
200
Speed
Normal
Resources
Standard
Victory
Conquest
Starting age
Dark Age
Ending age
Imperial Age
RankedLock teamsTeams togetherTeam positionsShared explorationLock speedFull tech treeHidden civsTurbo modeCheats
Victory
Defeat
🇨🇱 Britons · Chile
878
+14
🇦🇷 Vietnamese · Argentina
877
+14
🇧🇷 Portuguese · Brazil
815
+17
🇦🇷 Persians · Argentina
809
+17
vs
🇨🇴 Spanish · Colombia
970
-20
🇨🇴 Britons · Colombia
800
-14
🇨🇴 Persians · Colombia
795
-14
🇨🇴 Teutons · Colombia
794
-14
Dr Deleetus
5:26 Loom
14:13 Feudal Age
15:58 Double-Bit Axe
18:14 Castle Age
17:03 Horse Collar
20:06 Wheelbarrow
20:57 Bow Saw
24:15 Stone Mining
24:18 Gold Mining
27:41 Gold Shaft Mining
27:54 Hand Cart
28:41 Fletching
28:48 Town Watch
29:28 Bodkin Arrow
30:24 Town Patrol
30:05 Pikeman
30:05 Man-at-Arms
30:31 Gambesons
30:46 Squires
30:50 Treadmill Crane
35:08 Imperial Age
33:11 Heavy Plow
34:56 Padded Archer Armor
35:07 Forging
35:02 Scale Barding Armor
34:58 Scale Mail Armor
34:52 Long Swordsman
36:39 Leather Archer Armor
36:24 Bracer
35:49 Elite Longbowman
35:55 Two-Handed Swordsman
37:05 Ballistics
37:48 Chemistry
37:32 Iron Casting
37:12 Chain Mail Armor
37:35 Conscription
41:36 Yeomen
42:08 Ring Archer Armor
42:38 Blast Furnace
42:09 Plate Mail Armor
41:40 Onager
43:46 Halberdier
46:48 Scale Barding Armor
49:22 Siege Engineers
49:28 Masonry
49:15 Murder Holes
49:30 Fortified Wall
50:00 Capped Ram
JJCalmon
0:31 Loom
14:13 Feudal Age
16:25 Double-Bit Axe
18:55 Castle Age
16:48 Horse Collar
20:36 Bow Saw
20:30 Heavy Plow
24:18 Wheelbarrow
25:17 Hand Cart
26:06 Gold Mining
26:10 Stone Mining
32:31 Imperial Age
34:23 Chemistry
33:45 Ballistics
33:23 Murder Holes
33:35 Siege Engineers
36:44 Conscription
36:16 Elite Organ Gun
37:14 Onager
44:26 Arquebus
51:06 Spies/Treason
Dank
0:27 Loom
11:44 Feudal Age
18:03 Castle Age
17:26 Double-Bit Axe
17:54 Gold Mining
23:16 Horse Collar
24:59 Bow Saw
28:40 Wheelbarrow
30:15 Hand Cart
34:16 Imperial Age
31:54 Crossbowman
33:40 Fortified Wall
33:02 Elite Skirmisher
33:48 Thumb Ring
33:38 Fletching
34:19 Arbalester
34:30 Imperial Skirmisher
36:53 Bodkin Arrow
36:58 Padded Archer Armor
39:10 Two-Man Saw
38:53 Paper Money
39:50 Town Watch
40:58 Murder Holes
41:08 Heavy Plow
41:30 Stone Mining
41:59 Leather Archer Armor
43:06 Bracer
43:36 Ring Archer Armor
44:51 Forging
44:42 Scale Mail Armor
50:17 Chatras
JUSTICIA
10:01 Feudal Age
8:28 Loom
10:24 Horse Collar
17:28 Castle Age
17:15 Double-Bit Axe
20:32 Stone Mining
26:16 Bow Saw
28:42 Stone Shaft Mining
28:58 Gold Mining
29:33 Murder Holes
30:44 Wheelbarrow
33:29 Imperial Age
30:54 Fletching
31:05 Scale Mail Armor
31:16 Forging
31:15 Scale Barding Armor
31:28 Heavy Plow
33:32 Kamandaran
35:57 Chemistry
35:54 Bodkin Arrow
36:01 Padded Archer Armor
36:22 Chain Barding Armor
36:03 Scale Mail Armor
36:49 Crossbowman
37:51 Thumb Ring
38:51 Hand Cart
45:04 Plate Barding Armor
44:45 Chain Mail Armor
45:05 Iron Casting
44:46 Leather Archer Armor
50:05 Blast Furnace
49:36 Plate Mail Armor
49:37 Ring Archer Armor
49:31 Ballistics
51:00 Elite War Elephant
52:16 Hoardings
51:12 Sappers
52:03 Conscription
Sheikh_III
5:15 Loom
15:42 Feudal Age
19:55 Castle Age
18:55 Double-Bit Axe
18:52 Horse Collar
24:56 Bow Saw
28:41 Wheelbarrow
29:26 Heavy Plow
31:25 Gold Mining
33:39 Town Watch
36:41 Imperial Age
37:41 Fletching
39:01 Conscription
40:14 Chemistry
39:35 Ballistics
41:40 Conscription
41:40 Elite Conquistador
Dariaz
12:01 Feudal Age
11:27 Loom
11:59 Loom
12:21 Double-Bit Axe
12:45 Stone Mining
18:06 Bloodlines
20:04 Castle Age
20:47 Bow Saw
20:19 Horse Collar
22:08 Heavy Plow
22:26 Gold Mining
22:17 Light Cavalry
25:45 Wheelbarrow
28:01 Hand Cart
27:37 Town Watch
28:49 Gold Shaft Mining
28:58 Scale Barding Armor
29:04 Forging
aapdl89
5:13 Loom
14:06 Feudal Age
14:55 Town Watch
17:32 Castle Age
20:07 Double-Bit Axe
29:38 Fletching
30:10 Bow Saw
31:00 Wheelbarrow
31:25 Town Patrol
34:56 Imperial Age
33:05 Ballistics
33:39 Caravan
34:15 Scale Barding Armor
34:22 Forging
34:07 Bodkin Arrow
34:59 Hand Cart
35:29 Bloodlines
36:44 Chemistry
35:56 Masonry
35:42 Horse Collar
36:10 Cavalier
37:11 Chain Barding Armor
37:27 Iron Casting
37:08 Onager
38:13 Paladin
41:08 Plate Barding Armor
41:34 Blast Furnace
40:35 Padded Archer Armor
40:51 Siege Engineers
41:43 Pikeman
42:08 Gambesons
42:24 Squires
42:09 Arson
41:48 Crossbowman
41:49 Elite Skirmisher
45:06 Siege Onager
45:59 Elite Skirmisher
daedple
3:43 Loom
11:14 Feudal Age
11:48 Double-Bit Axe
14:30 Gold Mining
18:52 Horse Collar
22:08 Castle Age
21:47 Stone Mining
21:56 Fletching
22:06 Padded Archer Armor
22:21 Forging
22:12 Scale Mail Armor
24:09 Wheelbarrow
23:36 Heavy Plow
26:58 Bow Saw
27:42 Bodkin Arrow
28:02 Leather Archer Armor
30:28 Gold Shaft Mining
34:07 Imperial Age
32:40 Town Watch
33:11 Hand Cart
33:46 Town Patrol
34:53 Caravan
35:28 Onager
35:35 Crossbowman
35:38 Pikeman
36:18 Squires
36:05 Gambesons
36:05 Treadmill Crane
36:47 Ballistics
38:40 Two-Man Saw
37:34 Halberdier
40:15 Chain Mail Armor
40:36 Iron Casting
41:06 Conscription
41:00 Masonry
40:48 Murder Holes
41:19 Arbalester
Connection lost

Rejoining the realm…

Still unreachable

The connection could not be restored.

Session expired

The server has moved on; the page needs a fresh start.